 Dungeon Crawl Stone Soup version 0.28-a0-477-g0b43c73ce0 (webtiles) character file.

Game seed: 1421222331177944506

57943 Froggeryz the Stickfighter (level 15, -5/125 HPs)
             Began as a Human Fighter on Sept 17, 2021.
             Was an Initiate of Gozag.
             Slain by a molten gargoyle (6 damage)
             ... while petrified by a catoblepas
             ... in a Gauntlet.
             The game lasted 00:27:37 (19522 turns).

Froggeryz the Stickfighter (Human Fighter)         Turns: 19522, Time: 00:27:37

Health: -5/125     AC: 18    Str: 22    XL:     15   Next: 28%
Magic:  19/19      EV:  2    Int:  8    God:    Gozag
Gold:   2239       SH:  0    Dex: 14    Spells: 19/19 levels left

rFire   + . .      SeeInvis .   e - +2 lajatang
rCold   + . .      Faith    .   (shield currently unavailable)
rNeg    + + +      Spirit   .   J - +1 scale mail {rF+}
rPois   ∞          Reflect  .   u - +0 helmet
rElec   .          Harm     .   o - +2 cloak {rPois}
rCorr   .          Rampage  .   L - +0 pair of gloves
Will    +....      NoTele   +   c - +0 pair of boots
Stlth   ..........              a - amulet of regeneration
HPRegen 1.30/turn               I - ring of protection from cold
MPRegen 0.16/turn               v - +4 ring of evasion

@: petrified
A: no striking features
a: Renounce Religion, Potion Petition, Call Merchant, Bribe Branch


You were in a Gauntlet.
You worshipped Gozag.
Gozag was most pleased with you.
You visited 3 branches of the dungeon, and saw 19 of its levels.
You also visited: Ossuary and Gauntlet.

You collected 4701 gold pieces.
You spent 830 gold pieces at shops.
You paid 1632 gold pieces to Gozag.

Inventory:

Hand Weapons
 e - a +2 lajatang (weapon)
 z - a +3 quarterstaff of speed
Missiles
 n - 33 poisoned darts (quivered)
 E - 2 throwing nets
Armour
 c - a +0 pair of boots (worn)
 o - a +2 cloak of poison resistance (worn)
 u - a +0 helmet (worn)
 J - a +1 scale mail of fire resistance (worn)
 L - a +0 pair of gloves (worn)
Jewellery
 a - an amulet of regeneration (around neck)
 l - a ring of ice
 v - a +4 ring of evasion (right hand)
 C - a ring of resist corrosion
 H - an amulet of reflection
 I - a ring of protection from cold (left hand)
Wands
 m - a wand of iceblast (12)
 p - a wand of flame (65)
 q - a wand of acid (16)
 G - a wand of polymorph (10)
Scrolls
 b - a scroll of fear
 d - 4 scrolls of teleportation
 t - 2 scrolls of identify
 x - 2 scrolls of immolation
 y - 4 scrolls of magic mapping
 D - 2 scrolls of enchant armour
 K - 2 scrolls of amnesia
Potions
 f - 9 potions of haste
 g - 6 potions of flight
 h - 3 potions of ambrosia
 i - a potion of curing
 j - 3 potions of resistance
 k - 4 potions of mutation
 r - 7 potions of lignification
 s - 2 potions of invisibility
 w - 3 potions of brilliance
 A - a potion of magic {unknown}
 B - a potion of attraction
Miscellaneous
 F - a phantom mirror


   Skills:
 + Level 13.7 Fighting
 - Level 2.1(11.0) Maces & Flails
 - Level 16.0 Staves
 - Level 13.0 Armour
 - Level 4.1 Dodging
 - Level 3.0 Shields
 * Level 2.9 Spellcasting


You had 19 spell levels left.
You didn't know any spells.
Your spell library contained the following spells:

 Spells                   Type           Power      Damage    Failure   Level
 Foxfire                  Conj/Fire      4%         2x1d4     56%         1
 Shock                    Conj/Air       4%         1d3       56%         1
 Summon Small Mammal      Summ           4%         N/A       56%         1
 Slow                     Hex            1%         N/A       71%         2
 Static Discharge         Conj/Air       1%         N/A       71%         2
 Call Canine Familiar     Summ           1%         N/A       90%         3
 Confusing Touch          Hex            1%         N/A       90%         3
 Conjure Flame            Conj/Fire      1%         6-21      90%         3
 Dazzling Flash           Conj/Hex       2%         N/A       90%         3
 Frozen Ramparts          Ice            2%         1d2       90%         3
 Inner Flame              Hex/Fire       1%         N/A       90%         3
 Summon Guardian Golem    Hex/Summ       1%         N/A       90%         3
 Swiftness                Air            1%         N/A       90%         3
 Airstrike                Air            0%         N/A       100%        4
 Flame Wave               Conj/Fire      1%         3d3       100%        4
 Fulminant Prism          Conj/Hex       0%         3d6       100%        4
 Ice Form                 Ice/Tmut       1%         N/A       100%        4
 Iskenderun's Mystic Bla  Conj/Tloc      1%         2d3       100%        4
 Summon Ice Beast         Ice/Summ       1%         N/A       100%        4
 Summon Lightning Spire   Summ/Air       1%         N/A       100%        4
 Alistair's Intoxication  Tmut/Pois      0%         N/A       100%        5
 Borgnjor's Vile Clutch   Necr/Erth      0%         N/A       100%        5
 Lee's Rapid Deconstruct  Erth           0%         3d5*      100%        5
 Lightning Bolt           Conj/Air       0%         1d11      100%        5
 Yara's Violent Unravell  Hex/Tmut       0%         3d3       100%        5
 Eringya's Noxious Bog    Tmut/Pois      0%         N/A       100%        6
 Starburst                Conj/Fire      0%         6d3       100%        6
 Maxwell's Capacitive Co  Air            0%         ∞         100%        8


Dungeon Overview and Level Annotations

Branches:
Dungeon (12/15)            Temple (1/1) D:5            Lair (6/6) D:8
 Shoals (0/4) Lair:2        Snake (0/4) Lair:2        Slime (0/5) Lair:5
    Orc (0/2) D:11        Ossuary (visited)         Gauntlet (1/1)

Altars:
Ashenzari
Cheibriados
Dithmenos
Elyvilon
Fedhas
Gozag
Hepliaklqana
Kikubaaqudgha
Makhleb
Nemelex Xobeh
Okawaru
Qazlal
Ru
Sif Muna
Trog
Uskayaw
Vehumet
Wu Jian
Xom
Yredelemnul
Zin
The Shining One
Lugonu

Shops:
D:6 *   D:9 :   D:10 [   Lair:6 *

Portals:
Abyss: Lair:1

Annotations:
Lair:2 exclusion: oklob plant Gauntlet 7 transporters


Message History

The bolt of magma hits you! You partially resist.
The gargoyle hits you with a +0 flail!
The molten gargoyle blasts magma at you!
The bolt of magma hits you. You partially resist.
The molten gargoyle hits you with a +0 mace!!
* * * LOW HITPOINT WARNING * * *
You are engulfed in flames.
You resist.
* * * LOW HITPOINT WARNING * * *
The gargoyle hits you with a +0 flail.
* * * LOW HITPOINT WARNING * * *
The molten gargoyle hits you with a +0 flail!
* * * LOW HITPOINT WARNING * * *
You are engulfed in flames.
You resist.
* * * LOW HITPOINT WARNING * * *
The molten gargoyle hits you with a +0 mace.
* * * LOW HITPOINT WARNING * * *
You are engulfed in flames.
You resist.
* * * LOW HITPOINT WARNING * * *
The gargoyle hurls a stone arrow at you.
The stone arrow hits you!
* * * LOW HITPOINT WARNING * * *
The molten gargoyle hits you with a +0 flail!
* * * LOW HITPOINT WARNING * * *
You are engulfed in flames.
You resist.
* * * LOW HITPOINT WARNING * * *
The catoblepas breathes a plume of calcifying dust at you.
The blast of calcifying dust hits the molten gargoyle.
The blast of calcifying dust hits you.
The molten gargoyle hits you with a +0 mace.
* * * LOW HITPOINT WARNING * * *
You are engulfed in flames.
You resist.
* * * LOW HITPOINT WARNING * * *
You are engulfed in calcifying dust.
The gargoyle hits you with a +0 flail!
* * * LOW HITPOINT WARNING * * *
The molten gargoyle blasts magma at you!
The bolt of magma hits you. You partially resist.
* * * LOW HITPOINT WARNING * * *
The molten gargoyle hits you with a +0 mace!
You die...
Your body crumbles into a pile of gold.

#...©#..###########..#####
#....#..##........#..#....
#..###..#©######..#..#....
#.. #≈..###....##.#..#....
#. ##..##.####.#.####..).
#≈..#.##.©.##.#©©#©...
##§.#.#.####.#####....
#≈..#9##9...###..#....
##§.#@9######$#..#....
#≈..#.9Y...!.[#..#....
##..###########..#####
#≈....................
##....................
##≈#≈#≈#≈#≈#≈#≈#≈#§#≈
####################


You could see a catoblepas, 2 molten gargoyles and a gargoyle.

Vanquished Creatures
  A fire dragon (Lair:6)
  7 hydras
  A centaur warrior (D:8)
  A boulder beetle (D:12)
  A catoblepas (Gauntlet)
  Erica (D:10)
  2 two-headed ogres
  Urug (D:11)
  The ghost of flt the Zephyrmancer, a journeyman VSAE of Elyvilon (Lair:2)
  Nergalle (D:11)
  The ghost of Zarri the Poker, a novice TrMo of Ignis (D:7)
  A lindwurm (Lair:6)
  A manticore (Lair:2)
  20 elephants
  3 molten gargoyles (Lair:6)
  A gargoyle (Gauntlet)
  8 black mambas
  9 cane toads
  A freezing wraith (D:9)
  2 rime drakes
  Maggie (D:6)
  11 komodo dragons
  2 kobold demonologists
  3 trolls
  5 polar bears
  A wolf spider simulacrum (Gauntlet)
  A wind drake (Lair:2)
  12 dream sheep
  19 blink frogs
  A centaur simulacrum (Gauntlet)
  3 spriggans
  7 wyverns
  48 yaks
  A wraith (D:9)
  5 basilisks
  A steam dragon (Lair:6)
  A warg (D:11)
  Edmund (D:6)
  An acid dragon (D:10)
  Duvessa (D:7)
  4 hell hounds (Lair:6)
  16 water moccasins
  9 orc warriors
  An ice beast (D:6)
  3 sky beasts
  6 black bears
  2 ogres (D:6)
  15 wolves
  3 centaurs
  A phantom (D:4)
  5 kobold brigands
  11 bullfrogs
  A gnoll sergeant (D:9)
  3 scorpions
  A wyvern zombie (D:9)
  2 water moccasin zombies
  A hornet simulacrum (Gauntlet)
  Dowan (D:7)
  8 wights
  9 killer bees
  5 electric eels
  3 howler monkeys
  3 lava snakes (Lair:6)
  9 centaur zombies
  16 jellies
  2 hounds
  5 orc priests
  Crazy Yiuf (D:4)
  3 centaur skeletons
  Natasha (D:2)
  3 iguanas
  9 orc wizards
  A scorpion zombie (D:5)
  6 mummies (Ossuary)
  8 gnolls
  A howler monkey skeleton (D:7)
  6 adders
  2 white imps
  An ufetubus (D:4)
  4 dart slugs
  35 orcs
  5 ball pythons
  9 endoplasms
  4 giant cockroaches
  8 hobgoblins
  13 jackals
  19 kobolds
  2 quokkas
  3 bats
  5 frilled lizards
  6 goblins
  3 hobgoblin zombies (Ossuary)
  2 quokka zombies (D:7)
  6 rats
500 creatures vanquished.

Vanquished Creatures (others)
  An orc wizard (D:12)
  48 fungi
  A lurking horror (Lair:1)
  60 plants
  14 withered plants (Gauntlet)
124 creatures vanquished.

Grand Total: 624 creatures vanquished

Notes
Turn   | Place    | Note
-------+----------+-------------------------------------------
     0 | D:1      | Froggeryz the Human Fighter began the quest for the Orb.
     0 | D:1      | Reached XP level 1. HP: 18/18 MP: 1/1
   114 | D:1      | Reached skill level 1 in Staves
   114 | D:1      | Reached XP level 2. HP: 16/24 MP: 2/2
   553 | D:1      | Reached XP level 3. HP: 29/29 MP: 3/3
   638 | D:1      | Reached skill level 2 in Staves
  1507 | D:1      | Reached XP level 4. HP: 35/35 MP: 4/4
  1721 | D:2      | Reached skill level 3 in Staves
  2000 | D:2      | Reached XP level 5. HP: 32/41 MP: 5/5
  2002 | D:2      | Reached skill level 4 in Staves
  2508 | D:2      | Noticed Natasha
  2516 | D:2      | Killed Natasha
  2633 | D:3      | Noticed a black bear
  2644 | D:3      | Killed a black bear
  2645 | D:3      | Reached skill level 5 in Staves
  2645 | D:3      | Reached XP level 6. HP: 31/47 MP: 6/6
  2965 | D:3      | Found a faded altar of an unknown god.
  3801 | D:4      | Reached skill level 6 in Staves
  3801 | D:4      | Reached XP level 7. HP: 50/52 MP: 7/7
  4495 | D:4      | Reached skill level 7 in Staves
  5037 | D:4      | Found a runed translucent door.
  5038 | D:4      | Noticed Crazy Yiuf
  5044 | D:4      | Killed Crazy Yiuf
  5070 | D:5      | Entered Level 5 of the Dungeon
  5077 | D:5      | Reached skill level 8 in Staves
  5077 | D:5      | Reached XP level 8. HP: 58/58 MP: 8/8
  5212 | D:5      | Reached skill level 9 in Staves
  5276 | D:5      | Found a staircase to the Ecumenical Temple.
  5293 | Temple   | Entered the Ecumenical Temple
  5597 | Temple   | Became a worshipper of Gozag Ym Sagoz the Greedy
  5904 | D:6      | Noticed Edmund
  5905 | D:6      | Noticed Maggie
  5919 | D:6      | Killed Edmund
  5921 | D:6      | HP: 1/58 [ogre (17)]
  5924 | D:6      | Reached skill level 10 in Staves
  5929 | D:6      | Killed Maggie
  5930 | D:6      | Reached XP level 9. HP: 30/63 MP: 9/9
  6005 | D:6      | Reached skill level 11 in Staves
  6325 | D:6      | Found Yfirchuargh's Gadget Gallery.
  6395 | D:6      | Reached skill level 12 in Staves
  6503 | D:6      | Reached XP level 10. HP: 70/70 MP: 10/10
  7095 | D:7      | Reached skill level 13 in Staves
  7317 | D:7      | Found a sand-covered staircase.
  7326 | Ossuary  | Entered an ossuary
  7538 | D:7      | Noticed Duvessa
  7538 | D:7      | Noticed Dowan
  7541 | D:7      | Killed Dowan
  7549 | D:7      | Killed Duvessa
  7751 | D:8      | Reached skill level 14 in Staves
  7799 | D:8      | Found a staircase to the Lair.
  7863 | D:8      | Noticed a centaur warrior
  7871 | D:8      | Killed a centaur warrior
  7918 | D:8      | Identified the +7 flail of Subterfuge {vamp, rElec}
  7946 | D:8      | Reached XP level 11. HP: 75/75 MP: 11/11
  7968 | D:8      | Found an ancient bone altar of Kikubaaqudgha.
  8347 | D:8      | Found a runed translucent door.
  8352 | D:8      | Noticed Zarri's ghost (novice TrMo)
  8352 | D:8      | Identified the +12 spear "Guxa" {vorpal, SInv}
  8532 | D:9      | Reached skill level 15 in Staves
  8831 | D:9      | Found Ydooh's Book Emporium.
  9316 | Lair:1   | Entered Level 1 of the Lair of Beasts
  9335 | Lair:1   | You fall into a shaft and drop 1 floor!
  9426 | Lair:2   | Reached skill level 16 in Staves
  9564 | Lair:2   | Noticed a manticore
  9592 | Lair:2   | Killed a manticore
  9648 | Lair:2   | Found a staircase to the Shoals.
  9683 | Lair:2   | Found a runed translucent gate.
  9683 | Lair:2   | Found a runed translucent gate.
  9683 | Lair:2   | Found a runed translucent gate.
  9684 | Lair:2   | Noticed flt's ghost (journeyman VSAE)
  9724 | Lair:2   | Reached skill level 5 in Fighting
  9724 | Lair:2   | Reached skill level 5 in Armour
  9755 | Lair:2   | Found a blossoming altar of Fedhas.
  9767 | Lair:2   | Noticed an oklob plant
  9885 | Lair:2   | Reached XP level 12. HP: 78/86 MP: 12/12
 10146 | Lair:2   | Found a staircase to the Snake Pit.
 10546 | Lair:2   | Killed flt's ghost
 10868 | Lair:1   | Noticed a six-headed hydra
 10879 | Lair:1   | Killed a six-headed hydra
 10983 | Lair:1   | Found a corrupted altar of Lugonu.
 10986 | Lair:1   | Found a one-way gate to the infinite horrors of the Abyss.
 11827 | Lair:3   | Noticed a six-headed hydra
 11828 | Lair:3   | Noticed a six-headed hydra
 12017 | Lair:3   | Killed a six-headed hydra
 12018 | Lair:3   | Reached XP level 13. HP: 28/100 MP: 13/13
 12176 | Lair:3   | Killed a six-headed hydra
 12415 | Lair:3   | Reached skill level 10 in Fighting
 12415 | Lair:3   | Reached skill level 10 in Armour
 12924 | Lair:4   | Noticed a four-headed hydra
 12935 | Lair:4   | Killed a four-headed hydra
 13986 | Lair:5   | Noticed an eight-headed hydra
 14064 | Lair:5   | Killed an eight-headed hydra
 14078 | Lair:5   | Reached XP level 14. HP: 91/113 MP: 14/14
 14453 | Lair:5   | Found a staircase to the Slime Pits.
 14801 | Lair:6   | Entered Level 6 of the Lair of Beasts
 15772 | Lair:6   | Found a large runed translucent door.
 15773 | Lair:6   | Found a large runed translucent door.
 16013 | Lair:6   | Bought a scroll labelled PEQORA ERGHU for 30 gold pieces
 16013 | Lair:6   | Bought a scroll labelled MYHAPSI NOTTE for 30 gold pieces
 16628 | Lair:6   | Reached skill level 1 in Dodging
 16905 | D:7      | Killed Zarri's ghost
 16984 | D:10     | Entered Level 10 of the Dungeon
 17754 | D:10     | Reached XP level 15. HP: 91/124 MP: 15/15
 17844 | D:10     | Noticed Erica
 17859 | D:10     | Killed Erica
 18124 | D:10     | Bought a smoking plate armour for 616 gold pieces
 18124 | D:10     | Identified the +1 plate armour of the Serpent {Int+2} (You
                  | bought it in a shop on level 10 of the Dungeon)
 18125 | D:10     | Bought a shiny scale mail for 154 gold pieces
 18220 | D:11     | Found a staircase to the Orcish Mines.
 18226 | D:11     | Noticed Urug
 18240 | D:11     | Killed Urug
 18419 | D:11     | Noticed Nergalle
 18430 | D:11     | Killed Nergalle
 18810 | D:11     | Reached skill level 1 in Spellcasting
 19203 | D:12     | Found a gate leading to a gauntlet.
 19230 | Gauntlet | Entered a Gauntlet
 19230 | Gauntlet | Found a transporter.
 19230 | Gauntlet | Found a transporter.
 19265 | Gauntlet | Found a transporter.
 19268 | Gauntlet | Found a transporter.
 19276 | Gauntlet | Found a transporter.
 19279 | Gauntlet | Found a transporter.
 19287 | Gauntlet | Found a transporter.
 19302 | Gauntlet | Found a transporter.
 19324 | Gauntlet | Found a transporter.
 19325 | Gauntlet | Found a transporter.
 19335 | Gauntlet | Found a transporter.
 19338 | Gauntlet | Found a transporter.
 19522 | Gauntlet | HP: 3/125 [gargoyle (6)]
 19522 | Gauntlet | HP: 1/125 [molten gargoyle/bolt of magma (2)]
 19522 | Gauntlet | Slain by a molten gargoyle

Illustrated notes

Levels and vault maps discovered:
D:1:      lemuel_arrival_room, layout_basic, minmay_ruptured
D:2:      layout_loops_ring, corexii_shack, roderic_three_in_a_row,
          minmay_fountain_box, uniq_natasha
D:3:      layout_basic, hellmonk_ecumenical_altar_prayer_group
D:4:      layout_loops_ring, uniq_crazy_yiuf_cottage
D:5:      layout_rooms, minmay_temple_entry_offerings
D:6:      layout_basic, nicolae_shop_gadgets, uniq_maggie, uniq_edmund
D:7:      layout_loops_cross, enter_ossuary_4, uniq_duvessa
D:8:      layout_cave_pools, lemuel_doored_altar,
          grunt_lair_entry_orc_guard_hut, ebering_ghost_funeral_grove
D:9:      layout_loops_ring, serial_shops, shop, minmay_holes,
          kennysheep_just_a_vault
D:10:     layout_basic, kennysheep_windowed_goal, uniq_erica
D:11:     layout_irregular_city, david_orc_1_choice, uniq_nergalle, uniq_urug
D:12:     minmay_recursive_quarters, layout_gridville, gauntlet_entry_generic,
          uniq_psyche, uniq_azrael
Temple:   regret_index_temple_sigil_plot
Lair:1:   layout_roguey, portal_ice_cave_entry_pillars_2,
          amcnicky_altar_lugonu_corruption, lemuel_fruit_fields,
          lemuel_fruit_tree
Lair:2:   layout_misc_corridors, minmay_shoals_entry_beasts, dummy_snake_entry,
          ebering_ghost_rock_garden, tgw_fedhas
Lair:3:   layout_loops_ring
Lair:4:   layout_cave_pods
Lair:5:   layout_small_grid, minmay_slime_entry_jelly_boxes,
          serial_bayou_ford_a, grunt_forest_stairs_clearing
Lair:6:   cheibrodos_lair_end_hotspot, layout_gridlike
Gauntlet: minmay_gauntlet_mixed_big_or_small
          [gammafunk_gauntlet_arena_arrow_garden,
          minmay_gauntlet_arena_77_museum, gammafunk_gauntlet_arena_open,
          minmay_gauntlet_arena_77_braids, gammafunk_gauntlet_arena_spirals,
          minmay_gauntlet_arena_77_block_sizes, gauntlet_exit_spiral]

Skill      XL: |  1  2  3  4  5  6  7  8  9 10 11 12 13 14 15 |
---------------+----------------------------------------------+-----
Staves         | 1 2 3 5 6 8 10 12 14 16 | 16.0
Fighting       | 5 8 11 13 | 13.7
Armour         | 5 8 11 13 | 13.0
Dodging        | 3 4 |  4.1
Spellcasting   | 2 |  2.9
Maces & Flails | |  2.1
Shields        | |  3.0

Action                   |  1- 3 |  4- 6 |  7- 9 | 10-12 | 13-15 || total
-------------------------+-------+-------+-------+-------+-------++-------
Melee: Lajatang          |   119 |   124 |   231 |   735 |   896 ||  2105
       Flail             |     2 |       |       |       |       ||     2
       Quarterstaff      |       |       |       |    14 |   116 ||   130
Throw: Dart              |       |       |       |       |     1 ||     1
Invok: Potion Petition   |       |       |       |     1 |       ||     1
       Call Merchant     |       |       |       |       |     2 ||     2
Evoke: Wand              |       |       |       |     1 |       ||     1
  Use: Scroll            |     1 |     2 |     6 |    11 |     7 ||    27
       Potion            |       |       |     3 |     1 |     2 ||     6
 Stab: Distracted        |       |       |     1 |     3 |     5 ||     9
Armor: Scale mail        |    95 |    72 |   132 |   289 |   426 ||  1014
Dodge: Dodged            |   100 |    64 |   133 |   404 |   625 ||  1326

Table legend: (Time is in decaauts)
 A = Elapsed time spent in this place.
 B = Non-inter-level travel time spent in this place.
 C = Inter-level travel time spent in this place.
 D = Time resting spent in this place.
 E = Time spent auto-exploring this place.
 F = Levels seen in this place.
 G = Mean time per level.
                   A        B        C        D        E       F      G
               +--------+--------+--------+--------+--------+-----+--------+
         Total |  19034 |  18282 |    752 |   1955 |  12386 |  21 |  906.4 |
       Dungeon |  11178 |  10823 |    355 |   1591 |   7093 |  12 |  931.5 |
        Temple |    329 |    293 |     36 |      0 |    275 |   1 |  329.0 |
          Lair |   7128 |   6767 |    361 |    361 |   4810 |   6 | 1188.0 |
       Ossuary |    114 |    114 |      0 |      0 |     65 |   1 |  114.0 |
      Gauntlet |    282 |    282 |      0 |      3 |    143 |   1 |  282.0 |
               +--------+--------+--------+--------+--------+-----+--------+

Top non-repeatable levels by time:
  Lair:6: 1789 daAuts
     D:1: 1727 daAuts
  Lair:2: 1291 daAuts
     D:4: 1278 daAuts
    D:10: 1181 daAuts
     D:2: 1132 daAuts
  Lair:4: 1094 daAuts
  Lair:5: 1039 daAuts
  Lair:3: 1036 daAuts
     D:6: 1003 daAuts
     D:3: 991 daAuts
    D:11: 959 daAuts
  Lair:1: 878 daAuts
     D:8: 873 daAuts
     D:9: 848 daAuts
